 Dungeon Crawl Stone Soup version 0.17.1-3-g152610e (webtiles) character file.

4836 Clownie the Martial Artist (level 10, -1/63 HPs)
             Began as an Octopode Monk on Mar 3, 2016.
             Was an Initiate of Gozag.
             Slain by a yak (15 damage)
             ... on level 8 of the Dungeon.
             The game lasted 00:13:20 (9497 turns).

Clownie the Martial Artist (Octopode Monk)          Turns: 9497, Time: 00:13:20

Health: -1/63      AC:  1    Str: 11    XL:     10   Next: 49%
Magic:  10/10      EV: 17    Int: 13    God:    Gozag
Gold:   474        SH:  0    Dex: 17    Spells: 1 memorised, 3 levels left

rFire  . . .     SeeInvis .       - Unarmed
rCold  . . .     Clarity  .     (no shield)
rNeg   . . .     SustAt   .     (helmet restricted)
rPois  .         Gourm    .     (no amulet)
rElec  .         Spirit   .     (no ring)
rCorr  .         Warding  .     (no ring)
rMut   .         Stasis   .     (no ring)
MR     .....                    (no ring)
Stlth  ++++++....               (no ring)
                                (no ring)
                                (no ring)
                                (no ring)

@: very slightly contaminated, hasted, very quick, not resistant to hostile
enchantments, very stealthy
A: almost no armour, amphibious, 8 rings, constrict 8, camouflage 1, gelatinous
body 1
a: Potion Petition, Call Merchant, Bribe Branch, Renounce Religion


You were on level 8 of the Dungeon.
You worshipped Gozag.
Gozag was noncommittal.
You were hungry.

You visited 2 branches of the dungeon, and saw 9 of its levels.

You collected 924 gold pieces.
You paid 450 gold pieces to Gozag.

Inventory:

Missiles
 b - 222 stones (quivered)
 j - 37 poisoned needles
 x - 5 javelins
Jewellery
 l - an uncursed amulet of faith {unknown}
Wands
 s - a wand of confusion (0)
 B - a wand of draining (0)
 D - a wand of random effects (22)
 F - a wand of cold (6)
Scrolls
 f - a scroll of fog {unknown}
 g - a scroll of random uselessness {unknown}
 h - 2 scrolls of magic mapping {unknown}
 k - 3 scrolls of blinking {unknown}
 m - a scroll of amnesia {unknown}
 o - 2 scrolls of recharging {unknown}
 t - a scroll of immolation {unknown}
 u - a scroll of enchant weapon {unknown}
 w - 3 scrolls of teleportation
 y - a scroll of fear
 A - 2 scrolls of remove curse
 E - a scroll of noise {unknown}
Potions
 d - a potion of heal wounds
 i - a potion of might
 n - 2 potions of cure mutation
 q - 3 potions of haste
 r - 3 potions of brilliance
 z - a potion of curing
Books
 e - a book of Envenomations

   Spells                             Type                      Level
   a - Spider Form                    Transmutation/Poison         3
   b - Alistair's Intoxication        Transmutation/Poison         4
   c - Olgreb's Toxic Radiance        Poison                       4
   d - Poisonous Cloud                Conjuration/Poison/Air       6
 p - a book of the Earth

   Spells                             Type                      Level
   a - Leda's Liquefaction            Hexes/Earth                  4
   b - Bolt of Magma                  Conjuration/Fire/Earth       5
   c - Statue Form                    Transmutation/Earth          6
   d - Iron Shot                      Conjuration/Earth            6
   e - Shatter                        Earth                        9
Comestibles
 a - 4 bread rations
 c - 3 beef jerkies
 v - a meat ration
 C - 2 slices of pizza
 G - a royal jelly


   Skills:
 - Level 3.0 Fighting
 * Level 7.6 Throwing
 - Level 7.0 Dodging
 - Level 9.0 Stealth
 + Level 10.4 Unarmed Combat


You had 3 spell levels left.
You knew the following spells:

 Your Spells              Type           Power        Failure   Level  Hunger
a - Statue Form           Trmt/Erth      #........    100%        6    #######


Dungeon Overview and Level Annotations

Branches:
Dungeon (8/15)             Temple (1/1) D:5            Lair (0/8) D:8

Altars:
Ashenzari
Cheibriados
Dithmenos
Elyvilon
Fedhas
Gozag
Kikubaaqudgha
Makhleb
Okawaru
Qazlal
Ru
Sif Muna
Trog
Vehumet
Yredelemnul
Zin
The Shining One


Innate Abilities, Weirdness & Mutations

You cannot wear most types of armour.
You are amphibious.
You can wear up to eight rings at the same time.
You can use your tentacles to constrict eight enemies at once.
Your skin changes colour to match your surroundings (Stealth).
Your rubbery body absorbs attacks (AC +1).


Message History

Things that are here:
4 gold pieces; a falchion of flaming; a stone You bludgeon the yak!
The yak is moderately wounded.
You tentacle-slap the yak. You squeeze the yak.
The yak is heavily wounded.
The yak gores you!
You tentacle-slap the yak.
The yak is severely wounded.
The yak gores you!
* * * LOW HITPOINT WARNING * * *
You are too injured to fight recklessly!
You are too injured to fight recklessly!
You tentacle-slap the yak.
The yak is severely wounded.
You tentacle-slap the yak but do no damage.
The yak is severely wounded.
The yak gores you!
You die...
Your body crumbles into a pile of gold.

######### #$$$(...#
####.#####.##
#.≈.≈@YPP#..#
#......≈P#..##########
#.....P≈≈#............
#.%P.!≈≈P#.....##.####
#.%...P≈.#.....##.#
##'''###+#.....##.#
.....# #.....##.#
#%%...+ #....[##.#
#.....##.#


You could see a yak.

Vanquished Creatures
  Erolcha (D:8)
  Pikel (D:5)
  A two-headed ogre (D:8)
  2 yaks (D:8)
  A deep elf fighter (D:8)
  The ghost of Sarmenti the Sneak, an amateur NaEE (D:3)
  A wyvern (D:8)
  3 hippogriffs
  A water moccasin (D:6)
  An orc warrior (D:6)
  An ice beast (D:7)
  2 sky beasts
  2 ogres
  2 slaves
  3 centaurs (D:8)
  A crocodile (D:8)
  A phantom (D:6)
  4 giant frogs
  2 big kobolds (D:8)
  2 scorpions (D:5)
  3 crimson imps
  A giant frog zombie (D:8)
  A centaur skeleton (D:5)
  2 jellies (D:6)
  5 orc wizards
  3 orc priests
  2 giant frog skeletons (D:4)
  4 worker ants
  2 sheep (D:8)
  A hound zombie (D:7)
  5 adders
  2 river rats (D:8)
  3 gnolls (D:3)
  2 oozes
  2 worms (D:2)
  2 giant geckos
  21 orcs
  5 ball pythons
  15 bats
  11 goblins
  3 hobgoblins
  17 jackals
  4 quokkas
  4 giant cockroaches
  A giant gecko skeleton (D:4)
  3 giant newts
  A jackal skeleton (D:7)
  9 kobolds
  7 rats
174 creatures vanquished.

Vanquished Creatures (others)
  A slave (D:5)
  An adder (D:5)
  A bat (D:8)
  17 fungi (D:8)
  5 plants (D:8)
25 creatures vanquished.

Grand Total: 199 creatures vanquished

Notes
Turn   | Place    | Note
--------------------------------------------------------------
     0 | D:1      | Clownie the Octopode Monk began the quest for the Orb.
     0 | D:1      | Reached XP level 1. HP: 16/16 MP: 1/1
   335 | D:1      | Reached XP level 2. HP: 21/21 MP: 2/2
   957 | D:2      | Reached XP level 3. HP: 21/26 MP: 3/3
  1536 | D:3      | Reached XP level 4. HP: 25/31 MP: 4/4
  1798 | D:3      | Reached skill level 5 in Unarmed Combat
  1869 | D:3      | Noticed Sarmenti's ghost (amateur NaEE)
  1888 | D:3      | Killed Sarmenti's ghost
  1888 | D:3      | Reached XP level 5. HP: 15/36 MP: 5/5
  1888 | D:3      | Reached XP level 6. HP: 17/42 MP: 6/6
  2430 | D:3      | Noticed an ogre
  2443 | D:3      | Reached skill level 6 in Unarmed Combat
  2449 | D:3      | Killed an ogre
  2449 | D:3      | Reached skill level 5 in Stealth
  2888 | D:4      | Reached XP level 7. HP: 44/46 MP: 7/7
  2946 | D:4      | Found an iron altar of Okawaru.
  2946 | D:4      | Found an ancient bone altar of Kikubaaqudgha.
  3414 | D:5      | Entered Level 5 of the Dungeon
  3744 | D:5      | Reached skill level 5 in Dodging
  4386 | D:5      | Reached skill level 7 in Unarmed Combat
  4639 | D:5      | Found a staircase to the Ecumenical Temple.
  4735 | Temple   | Entered the Ecumenical Temple
  4819 | Temple   | Became a worshipper of Gozag Ym Sagoz the Greedy
  4849 | D:5      | Noticed Pikel
  4874 | D:5      | Killed Pikel
  4874 | D:5      | Reached XP level 8. HP: 22/52 MP: 8/8
  5410 | D:5      | Reached skill level 8 in Unarmed Combat
  6183 | D:6      | Reached XP level 9. HP: 54/56 MP: 9/9
  6439 | D:6      | Reached skill level 9 in Unarmed Combat
  6480 | D:6      | HP: 4/84 [poisoned by a water moccasin]
  6487 | D:6      | HP: 4/84 [poisoned by a water moccasin]
  6495 | D:6      | HP: 2/56 [poisoned by a water moccasin]
  6896 | D:7      | Found a blossoming altar of Fedhas.
  7138 | D:7      | Found a glowing golden altar of the Shining One.
  7541 | D:8      | Reached skill level 1 in Throwing
  8261 | D:8      | Found a staircase to the Lair.
  8269 | D:8      | Reached skill level 5 in Throwing
  8282 | D:8      | Noticed Erolcha
  8534 | D:7      | Reached XP level 10. HP: 36/63 MP: 10/10
  8725 | D:8      | Reached skill level 10 in Unarmed Combat
  9157 | D:8      | Killed Erolcha
  9313 | D:8      | Learned a level 6 spell: Statue Form
  9497 | D:8      | Slain by a yak

Action                   |  1- 3 |  4- 6 |  7- 9 | 10-12 || total
-------------------------+-------+-------+-------+-------++-------
Melee: Unarmed           |    57 |   111 |   266 |    91 ||   525
Throw: Stone             |       |       |    19 |     1 ||    20
Invok: Potion Petition   |       |       |     1 |     1 ||     2
Evoke: Wand              |       |     2 |     2 |     4 ||     8
  Use: Scroll            |       |       |    10 |       ||    10
       Potion            |       |       |     3 |     1 ||     4
 Stab: Sleeping          |     9 |     6 |     9 |       ||    24
       Confused          |       |     2 |       |       ||     2
       Distracted        |       |       |     4 |     1 ||     5
  Eat: Chunk             |     1 |     5 |     3 |       ||     9
       Meat ration       |       |       |     2 |       ||     2
       Bread ration      |       |       |     1 |       ||     1
       Beef jerky        |       |       |       |     2 ||     2
